 Dungeon Crawl Stone Soup version 0.32-a0-411-g744942f433 (webtiles) character file.

Game seed: 5719662968243434627

2111 Drazool the Basher (level 9, -10/81 HPs)
             Began as a Mountain Dwarf Fighter on Feb 20, 2024.
             Was a Priest of Okawaru.
             Killed from afar by Maggie (23 damage)
             ... with a bolt of fire
             ... on level 6 of the Dungeon.
             The game lasted 00:20:06 (6391 turns).

Drazool the Basher (Mountain Dwarf Fighter)         Turns: 6391, Time: 00:20:08

Health: -10/81     AC: 11    Str: 26    XL:     9   Next: 8%
Magic:  10/10      EV: 10    Int:  9    God:    Okawaru [***...]
Gold:   220        SH:  0    Dex:  8    Spells: 6/8 levels left

rFire   . . .        y - +3 battleaxe (heavy)
rCold   . . .        (shield currently unavailable)
rNeg    . . .        b - +0 scale mail
rPois   .            k - +0 helmet
rElec   .            o - +0 cloak
rCorr   .            (no gloves)
SInv    .            p - +0 pair of boots
Will    .....        (no amulet) Stlth
                     L - ring of flight
HPRegen 0.33/turn    (no ring)
MPRegen 0.12/turn

%: no passive effects
@: flying, mesmerised
A: runic magic, artefact enchanting, claws 1, robust 1, strong 1
a: Renounce Religion, Heroism


You were on level 6 of the Dungeon.
You worshipped Okawaru.
Okawaru was most pleased with you.
You visited 1 branch of the dungeon, and saw 8 of its levels.
You also visited: Sewer.

You collected 220 gold pieces.


Innate Abilities, Weirdness & Mutations

Your spellcasting is much less encumbered by armour.
You can use scrolls of enchantment on lesser artefacts.
You have sharp fingernails.
You are robust. (+10% HP)
Your muscles are strong. (Str +4, Int/Dex -1)


   Skills:
 - Level 5.0 Fighting
 - Level 8.0(10.0) Axes
 - Level 9.1(10.5) Maces & Flails
 - Level 5.0 Armour
 - Level 3.2 Shields
 - Level 3.0 Translocations
 + Level 2.1 Invocations


You had 6 spell levels left.
You knew the following spells:

 Your Spells              Type           Power      Damage    Failure   Level
a - Apportation           Tloc           10%        N/A       14%         1
m - Magic Dart            Conj           0%         1d3       43%         1

Your spell library contained the following spells:

 Spells                   Type           Power      Damage    Failure   Level
 Blink                    Tloc           10%        N/A       22%         2
 Lesser Beckoning         Tloc           10%        N/A       22%         2
 Momentum Strike          Conj/Tloc      4%         3d8       36%         2
 Ensorcelled Hibernation  Hex/Ice        0%         N/A       58%         2
 Jinxbite                 Hex            0%         N/A       58%         2
 Searing Ray              Conj           0%         2d4       58%         2
 Dazzling Flash           Conj/Hex       0%         N/A       82%         3
 Fugue of the Fallen      Necr           0%         N/A       82%         3
 Mephitic Cloud           Conj/Alch/Air  0%         N/A       82%         3
 Anguish                  Hex/Necr       0%         N/A       99%         4
 Fulminant Prism          Conj/Alch      0%         3d5       99%         4
 Alistair's Intoxication  Alch           0%         N/A       100%        5
 Curse of Agony           Necr           0%         N/A       100%        5
 Silence                  Hex/Air        0%         N/A       100%        5

Inventory:

Hand Weapons
 a - a +0 flail
 f - a +1 heavy mace
 s - the +7 staff of the Meek {protect, meekguard}
   (You found it on level 3 of the Dungeon)
 w - a +2 hand axe of electrocution
 y - a +3 heavy battleaxe (weapon)
Missiles
 j - 10 boomerangs (quivered)
 v - 3 poisoned darts
 H - a throwing net {=f}
Armour
 b - a +0 scale mail (worn)
 k - a +0 helmet (worn)
 o - a +0 cloak (worn)
 p - a +0 pair of boots (worn)
 z - a +0 buckler
Magical Staves
 d - a staff of fire {!a}
 h - a staff of conjuration {!a}
Jewellery
 c - a ring of ice
 C - a ring of ice
 L - a ring of flight (left claw)
 M - a ring of magical power
Wands
 l - a wand of charming (20)
 m - a wand of polymorph (10)
 A - a wand of acid (11)
Scrolls
 e - a scroll of blinking
 i - a scroll of fear {unknown}
 n - a scroll of amnesia
 u - 2 scrolls of enchant weapon
 D - a scroll of brand weapon
 E - a scroll of poison {unknown}
 F - a scroll of noise {unknown}
 G - a scroll of acquirement {unknown}
 I - a scroll of teleportation {@r2}
Potions
 g - 3 potions of attraction
 q - 2 potions of brilliance {unknown}
 r - 2 potions of haste {unknown}
 t - 2 potions of degeneration {unknown}
 x - 3 potions of curing {@q1}
 B - a potion of might

Dungeon Overview and Level Annotations

Branches:
Dungeon (8/15)             Temple (0/1) D:4           Sewer (visited)
   Lair: D:8-11

Altars:
Ashenzari
Okawaru
Qazlal
Uskayaw
The Shining One

Annotations:
D:6 Maggie

####+#########
#.....@......#
#@.....#
#......#
#......#
##'#####
#...##
######..#####
.............#
##########.#.#
#.#.#


You could see Maggie (mesmerising).


Message History

You slice Maggie!!
Maggie is severely wounded.
Maggie hits you with a +0 halberd!
Maggie mumbles some strange words.
Maggie draws you further into her thrall.
You closely miss Maggie.
Maggie is severely wounded.
Maggie gestures at you while chanting. The bolt of fire hits you!!
You closely miss Maggie.
Maggie is severely wounded.
Maggie closely misses you. Maggie gestures at you while chanting.
The bolt of fire hits you!!
* * * LOW HITPOINT WARNING * * *
You closely miss Maggie.
Maggie is severely wounded.
Maggie barely misses you. Maggie hits you with a +0 halberd.
* * * LOW HITPOINT WARNING * * *
You slash Maggie!
Maggie is almost dead.
Maggie barely misses you. Maggie hits you with a +0 halberd!
* * * LOW HITPOINT WARNING * * *
You barely miss Maggie.
Maggie is almost dead.
Maggie hits you with a +0 halberd!
* * * LOW HITPOINT WARNING * * *
Maggie gestures at you while chanting. The bolt of fire hits you!!
You die...

Skill      XL: |  1  2  3  4  5  6  7  8  9 |
---------------+----------------------------+-----
Maces & Flails | 3 4 5 6 7 9 |  9.1
Armour         | 5 |  5.0
Fighting       | 5 |  5.0
Translocations | 3 |  3.0
Axes           | 4 7 8 |  8.0
Invocations    | 2 |  2.1
Shields        | |  3.2

Action                     |  1- 3 |  4- 6 |  7- 9 || total
---------------------------+-------+-------+-------++-------
  Melee: Flail             |   104 |   192 |    31 ||   327
         Unarmed           |       |     6 |     3 ||     9
         Mace              |       |       |    62 ||    62
         Battleaxe         |       |       |   105 ||   105
  Throw: Boomerang         |       |    15 |       ||    15
         Dart              |       |       |     1 ||     1
  Evoke: Wand              |       |     2 |     1 ||     3
    Use: Potion            |       |     6 |     1 ||     7
         Scroll            |       |     5 |     4 ||     9
 Armour: Scale mail        |    56 |   202 |   154 ||   412
         Skin              |       |     1 |       ||     1
  Dodge: Dodged            |    48 |   117 |    98 ||   263
  Block: Buckler           |    21 |    43 |    17 ||    81

Levels and vault maps discovered:
D:1:      dpeg_arrival_morbid_curiosity, layout_basic
D:2:      layout_rooms, minmay_misc_feat_iff, supply_closet_lemuel
D:3:      layout_basic, mainiacjoe_overflow_two_lobes, portal_sewer_entry_b,
          uniq_ijyb, uniq_grinder
D:4:      layout_loops_corners, mainiacjoe_overflow_concentric_impassable,
          mainiacjoe_overflow_catwalk_spiral, temple_fountains,
          kennysheep_generic_room_11, uniq_blork_the_orc, uniq_natasha,
          uniq_pikel
D:5:      layout_basic
D:6:      layout_basic, amcnicky_altar_gilded, lemuel_tele_altar,
          nicolae_concentric_dashed_squares_wild, uniq_maggie
D:7:      layout_gridville, elyvilon_altar_3, cheibriados_altar_1,
          gammafunk_ghost_necromancy, kennysheep_generic_room_10
D:8:      layout_layer_cave, uniq_psyche, uniq_maurice, uniq_jeremiah

Notes
Turn   | Place    | Note
-------+----------+-------------------------------------------
     0 | D:1      | Drazool the Mountain Dwarf Fighter began the quest for the
                  | Orb.
     0 | D:1      | Reached XP level 1. HP: 19/19 MP: 1/1
    33 | D:1      | Reached skill level 3 in Maces & Flails
    68 | D:1      | Reached XP level 2. HP: 26/26 MP: 2/2
   319 | D:1      | Reached skill level 4 in Maces & Flails
   400 | D:1      | Reached XP level 3. HP: 31/31 MP: 3/3
   903 | D:1      | Reached skill level 5 in Maces & Flails
   906 | D:1      | Learned a level 1 spell: Magic Dart
  1008 | D:2      | Learned a level 1 spell: Apportation
  1265 | D:2      | Reached XP level 4. HP: 38/38 MP: 4/4
  1808 | D:2      | Reached skill level 6 in Maces & Flails
  1998 | D:2      | Reached XP level 5. HP: 12/45 MP: 5/5
  2150 | D:3      | Noticed Grinder
  2152 | D:3      | Found a glowing drain.
  2165 | Sewer    | Entered a sewer
  2330 | Sewer    | Reached skill level 7 in Maces & Flails
  2526 | Sewer    | Reached XP level 6. HP: 45/51 MP: 6/6
  2846 | D:3      | Killed Grinder
  2847 | D:3      | Reached skill level 9 in Maces & Flails
  2979 | D:3      | Noticed Ijyb
  2983 | D:3      | Gained mutation: You sometimes lose your temper in combat.
                  | [potion of mutation]
  2983 | D:3      | Gained mutation: You are somewhat resistant to further
                  | mutation. [potion of mutation]
  2989 | D:3      | Killed Ijyb
  2990 | D:3      | Reached XP level 7. HP: 57/57 MP: 7/7
  3004 | D:3      | Lost mutation: You are somewhat resistant to further
                  | mutation. [potion of mutation]
  3004 | D:3      | Lost mutation: You sometimes lose your temper in combat.
                  | [potion of mutation]
  3004 | D:3      | Gained mutation: You have sharp fingernails. [potion of
                  | mutation]
  3004 | D:3      | Gained mutation: Your muscles are strong. (Str +4, Int/Dex
                  | -1) [potion of mutation]
  3004 | D:3      | Gained mutation: You are robust. (+10% HP) [potion of
                  | mutation]
  3218 | D:3      | Reached skill level 4 in Armour
  3298 | D:3      | Found the +7 staff of the Meek {protect, meekguard}
  3509 | D:3      | Found a broken altar of Ashenzari.
  3547 | D:3      | Found an iron altar of Okawaru.
  3552 | D:3      | Became a worshipper of Warmaster Okawaru
  3635 | D:4      | Found a staircase to the Ecumenical Temple.
  3669 | D:4      | Reached skill level 5 in Armour
  3848 | D:4      | Noticed Natasha
  3859 | D:4      | Killed Natasha
  3908 | D:4      | Noticed Natasha
  3914 | D:4      | Killed Natasha
  3934 | D:4      | Reached skill level 4 in Fighting
  3939 | D:4      | Noticed Blork the orc
  3940 | D:4      | Blork the orc changed into Blork the iguana
  3940 | D:4      | Noticed Blork
  3951 | D:4      | Killed Blork the iguana
  4091 | D:4      | Found a glowing golden altar of the Shining One.
  4098 | D:4      | Found a hide-covered altar of Uskayaw.
  4190 | D:4      | Reached skill level 1 in Translocations
  4246 | D:4      | Found a stormy altar of Qazlal.
  4309 | D:4      | Noticed Natasha
  4312 | D:4      | Killed Natasha
  4313 | D:4      | Reached skill level 2 in Translocations
  4419 | D:4      | Noticed Pikel
  4441 | D:4      | Killed Pikel
  4441 | D:4      | Reached * piety under Okawaru
  4441 | D:4      | Reached ** piety under Okawaru
  4442 | D:4      | Reached skill level 3 in Translocations
  4442 | D:4      | Reached skill level 5 in Fighting
  4442 | D:4      | Reached skill level 4 in Axes
  4442 | D:4      | Reached XP level 8. HP: 47/74 MP: 8/8
  4898 | D:5      | Entered Level 5 of the Dungeon
  5165 | D:5      | Reached skill level 5 in Axes
  5612 | D:5      | Reached skill level 6 in Axes
  5978 | D:5      | Reached skill level 7 in Axes
  6151 | D:6      | You are sucked into a shaft and drop 2 floors!
  6171 | D:8      | Reached *** piety under Okawaru
  6193 | D:8      | Reached XP level 9. HP: 81/81 MP: 9/9
  6206 | D:8      | Reached skill level 8 in Axes
  6336 | D:8      | Reached skill level 1 in Invocations
  6341 | D:7      | Reached skill level 2 in Invocations
  6379 | D:6      | Noticed Maggie
  6391 | D:6      | Killed from afar by Maggie

Vanquished Creatures
  Pikel (D:4)
  Grinder (D:3)
  4 bullfrogs
  A gnoll sergeant (D:7)
  5 scorpions
  2 bombardier beetles (D:5)
  A hound (D:5)
  A jelly (D:5)
  2 orc priests
  5 iguanas (D:4)
  Natasha (thrice) (D:4)
  Ijyb (D:3)
  3 orc wizards
  8 gnolls
  3 adders
  9 dart slugs
  2 ribbon worms (D:2)
  24 orcs
  9 ball pythons
  7 bats
  4 endoplasms
  9 giant cockroaches
  8 goblins
  6 hobgoblins
  6 jackals (D:4)
  3 quokkas
  12 frilled lizards
  2 kobolds
  4 rats (D:1)
146 creatures vanquished.

Vanquished Creatures (collateral kills)
  A river rat (D:3)
  A ball python (D:3)
  A rat (D:3)
3 creatures vanquished.

Vanquished Creatures (others)
  A river rat (D:3)
1 creature vanquished.

Grand Total: 150 creatures vanquished

Table legend: (Time is in decaauts)
 A = Elapsed time spent in this place.
 B = Non-inter-level travel time spent in this place.
 C = Inter-level travel time spent in this place.
 D = Time resting spent in this place.
 E = Time spent auto-exploring this place.
 F = Levels seen in this place.
 G = Mean time per level.
                   A        B        C        D        E       F      G
               +--------+--------+--------+--------+--------+-----+--------+
         Total |   6654 |   6360 |    294 |    526 |   4104 |   9 |  739.3 |
       Dungeon |   5894 |   5600 |    294 |    459 |   3771 |   8 |  736.8 |
         Sewer |    760 |    760 |      0 |     67 |    332 |   1 |  760.0 |
               +--------+--------+--------+--------+--------+-----+--------+

Top non-repeatable levels by time:
     D:4: 1340 daAuts
     D:5: 1276 daAuts
     D:2: 1091 daAuts
     D:1: 1019 daAuts
     D:3: 883 daAuts
   Sewer: 760 daAuts
     D:8: 202 daAuts
     D:6: 52 daAuts
     D:7: 28 daAuts

Table legend:
 A = Non-vault XP
 B = Vault XP
 C = Vault XP percentage of total XP
 D = Non-vault monster count
 E = Vault monster count
 F = Vault count percentage of total count
                 A         B        C        D         E       F
            +---------+---------+-------+---------+---------+-------
      Total |    1759 |    1258 |  41.7 |     110 |      40 |  26.7
            +---------+---------+-------+---------+---------+-------
        D:1 |      64 |      14 |  17.9 |      24 |       5 |  17.2
        D:2 |     128 |       0 |   0.0 |      16 |       0 |   0.0
        D:3 |     183 |     346 |  65.4 |      19 |       6 |  24.0
        D:4 |     416 |     707 |  63.0 |      27 |       4 |  12.9
        D:5 |     495 |       0 |   0.0 |      12 |       0 |   0.0
        D:7 |      88 |       0 |   0.0 |       1 |       0 |   0.0
        D:8 |     385 |       0 |   0.0 |      11 |       0 |   0.0
      Sewer |       0 |     191 | 100.0 |       0 |      25 | 100.0
            +---------+---------+-------+---------+---------+-------
